[Event "Early-Titled-Tuesday-Blitz-October-03-2023"]
[Site "Chess.com"]
[Date "2023.10.03"]
[Round "4"]
[White "Rodalquilar"]
[Black "vladgoncharov"]
[Result "1-0"]
[WhiteElo "2730"]
[BlackElo "2523"]
[TimeControl "180+1"]
[EndTime "8:38:55 PDT"]
[Termination "Rodalquilar won by resignation"]

1. d4 Nf6 2. Nf3 e6 3. Bf4 c5 4.
e3 d5 5. Nbd2 Nc6 6. c3 Bd6 7.
Bg3 Qc7 8. dxc5 Bxg3 9. hxg3 a5 10. a4 Bd7 11. Bb5 Ne7 12. b4 O-O 13. O-O b6 14. cxb6 Qxc3 15. Qb3 Qxb3 16. Nxb3 Bxb5 17. axb5 axb4 18. b7 Rab8 19. Nc5 Rfd8 20. Ne5 Ne8 21. Nc6 Nxc6 22. bxc6 Nc7 23. Na6 Nxa6 24. Rxa6 Re8 25. Rc1 b3 26. Rb6 Kf8 27. c7 1-0

[Event "Early-Titled-Tuesday-Blitz-October-03-2023"]
[Site "Chess.com"]
[Date "2023.10.03"]
[Round "4"]
[White "aistrel"]
[Black "AlmasRakhmatullaev"]
[Result "0-1"]
[WhiteElo "2565"]
[BlackElo "2795"]
[TimeControl "180+1"]
[EndTime "8:38:57 PDT"]
[Termination "AlmasRakhmatullaev won by checkmate"]

1. d4 d5 2. Nc3 Nf6 3. Bf4 c5 4. e3 cxd4 5. exd4 a6 6. Nf3 Bg4 7. h3 Bxf3 8. Qxf3 Nc6 9. O-O-O e6 10. Ne2 Bd6 11. Bxd6 Qxd6 12. Qg3 Qxg3 13. Nxg3 Rc8 14. Kb1 h5 15. f3 h4 16. Ne2 Nh5 17. Nc1 Ke7 18. c3 g5 19. Be2 Nf4 20. Rhg1 Kd6 21. Rd2 Rh6 22. Nd3 Nxd3 23. Bxd3 Rch8 24. a4 Ne7 25. Re2 f5 26. Rge1 Rf6 27. c4 Nc6 28. c5+ Ke7 29. Rd2 Nxd4 30. Bxa6 Nb3 31. Rxd5 bxa6 32.
c6 Rc8 33. Ka2 Nc1+ 34. Kb1 Rxc6 35. Re3 Rf8 36. Rd1 Rfc8 37. b4 Rc4 38. b5 axb5 39.
axb5 Rb4+ 40. Ka1 Ra8+ 41. Ra3 Rxa3# 0-1

[Event "Early-Titled-Tuesday-Blitz-October-03-2023"]
[Site "Chess.com"]
[Date "2023.10.03"]
[Round "4"]
[White "ajedrezhoy"]
[Black "whiteglovethief"]
[Result "0-1"]
[WhiteElo "2363"]
[BlackElo "2524"]
[TimeControl "180+1"]
[EndTime "8:39:00 PDT"]
[Termination "whiteglovethief won on time"]

1. c4 c5 2. e4 g6 3. Nc3 Bg7 4.
g3 Nc6 5. Bg2 e6 6. Nge2 Nge7 7.
O-O O-O 8. d3 Nd4 9. Be3 Rb8 10. Rb1 a6 11. b4 Nxe2+ 12. Nxe2 cxb4 13. Rxb4 b5 14. cxb5 Rxb5 15. Rxb5 axb5 16. Qb3 Qa5 17. Rb1 Ba6 18. Bc5 Re8 19. Nd4 d6 20. Bb4 Qa4 21. Nc2 Rc8 22. Ne3 Qxb3 23. axb3 Be5 24. Kf1 Nc6 25.
Bd2 b4 26. Nc4 Bc3 27. Be3 Bxc4 28. dxc4 e5 29. Rd1 Nd4 30. Bxd4 exd4 31. f4 Kf8 32. e5 dxe5 33. fxe5 Rc5 34. Bd5 Ra5 35. Ke2 Ra3 36. c5 Ra5 37. Rf1 Rxc5 38. Bxf7 Rxe5+ 39. Kd3 Re3+ 40. Kc4 Ke7 41. Bd5 d3 42. Rf7+ Ke8 43. Rxh7 d2 44. Bc6+ Kf8 45. Rd7 g5 46. h4 g4 47. h5 Re1 48.
Rd8+ Ke7 49. Rd7+ Ke6 0-1

[Event "Early-Titled-Tuesday-Blitz-October-03-2023"]
[Site "Chess.com"]
[Date "2023.10.03"]
[Round "4"]
[White "ArmanGhevondyanchess"]
[Black "baki83"]
[Result "0-1"]
[WhiteElo "2574"]
[BlackElo "2825"]
[TimeControl "180+1"]
[EndTime "8:39:02 PDT"]
[Termination "baki83 won by resignation"]

1. Nf3 d5 2. g3 Nc6 3. d4 h5 4. Bg2 Bg4 5. Ne5 Nxe5 6. dxe5 e6 7. c4 c6 8. cxd5 exd5 9. O-O h4 10. Nc3 Bc5 11. Qd3 Qd7 12. Na4 Bb6 13.
Nxb6 axb6 14. e4 d4 15. f4 hxg3 16. hxg3 c5 17. f5 Ne7 18. Rf4 Bh3 19. Bxh3 Rxh3 20. Kg2 Rh8 21. Rg4 Nc6 22. Bf4 g6 23. e6 fxe6 24. Rxg6 exf5 25. exf5 Qd5+ 26. Qf3 Rh2+ 27. Kxh2 Qxf3 28. Re1+ Kf7 29. Ree6 Rh8+ 30. Rh6 Rxh6+ 31. Rxh6 Qe2+ 32. Kh3 Ne5 33. Rh7+ Kg8 34. Rh6 Qf1+ 35. Kh4 Qh1+ 36. Kg5 Nf7+ 0-1

[Event "Early-Titled-Tuesday-Blitz-October-03-2023"]
[Site "Chess.com"]
[Date "2023.10.03"]
[Round "4"]
[White "Sadykov_Ramil"]
[Black "C_K_G"]
[Result "1-0"]
[WhiteElo "2607"]
[BlackElo "1888"]
[TimeControl "180+1"]
[EndTime "8:39:02 PDT"]
[Termination "Sadykov_Ramil won on time"]

1. d4 d5 2. Bf4 e6 3. e3 Nf6 4. Nf3 Bd6 5. Ne5 O-O 6. Bd3 c5 7. c3 Nc6 8. Nd2 Qc7 9. Ndf3 c4 10. Bc2 b5 11. a3 a5 12. Nxc6 Bxf4 13. exf4 Qxc6 14.
Ne5 Qb7 15. Qf3 b4 16. axb4 axb4 17. Rxa8 Qxa8 18. O-O b3 19. Bb1 Bb7 20. f5 Ne4 21. fxe6 fxe6 22. Qg4 Qe8 23. Bxe4 dxe4 24. Ra1 Bd5 25.
Ra7 g6 26. h4 Rf5 27. Qg3 Qd8 28. Ng4 Qf8 29. Qc7 Rf7 30. Nh6+ 1-0

[Event "Early-Titled-Tuesday-Blitz-October-03-2023"]
[Site "Chess.com"]
[Date "2023.10.03"]
[Round "4"]
[White "QuintilianoR"]
[Black "Casper"]
[Result "0-1"]
[WhiteElo "2644"]
[BlackElo "2409"]
[TimeControl "180+1"]
[EndTime "8:39:02 PDT"]
[Termination "Casper won on time"]

1. c4 Nf6 2. g3 g6 3. Bg2 Bg7 4. Nc3 O-O 5. Nf3 Nc6 6. O-O e5 7. d3 Re8 8. Rb1 b6 9. Nd2 Bb7 10. b4 Qc8 11. e3 Ne7 12. Nde4 Nxe4 13. dxe4 d6 14. Qd3 Qe6 15. a4 Red8 16. Ba3 Rd7 17.
Rfd1 Rad8 18. b5 c6 19. bxc6 Nxc6 20. Nd5 Na5 21. Bb4 Nc6 22. Be1 Rc8 23. Qa3 Ba6 24. Rdc1 Ne7 25. Bf1 Qg4 26. Nxe7+ Rxe7 27. a5 Qxe4 28.
axb6 Bb7 29. f3 Qxf3 0-1

[Event "Early-Titled-Tuesday-Blitz-October-03-2023"]
[Site "Chess.com"]
[Date "2023.10.03"]
[Round "4"]
[White "DanyKopy"]
[Black "Itk04"]
[Result "1-0"]
[WhiteElo "2556"]
[BlackElo "2733"]
[TimeControl "180+1"]
[EndTime "8:39:04 PDT"]
[Termination "DanyKopy won by resignation"]

1. d4 d5 2. c4 c6 3. Nf3 Nf6 4.
Nbd2 e6 5. g3 c5 6. cxd5 exd5 7.
Bg2 Nc6 8. O-O c4 9. b3 b5 10.
bxc4 bxc4 11. Ne5 Nxd4 12. Ndxc4 Ne6 13. Qa4+ Bd7 14. Nxd7 Qxd7 15. Qxd7+ Kxd7 16. Rd1 Rc8 17. Bxd5 Nxd5 18. Rxd5+ Ke8 19. Nd6+ Bxd6 20. Rxd6 Ke7 21. Ra6 Rc7 22. Be3 Ra8 23. Rb1 f6 24. Kf1 g5 25.
g4 Rd7 26. h3 h6 27. Rb4 Kf7 28. Re4 Nf8 29. Bd4 Nh7 30. e3 Rb7 31. Ree6 Rb1+ 32.
Kg2 Rb7 33. Bxf6 Nxf6 34. Rxf6+ Ke7 35. Rxh6 Rb2 36. Rh7+ 1-0

[Event "Early-Titled-Tuesday-Blitz-October-03-2023"]
[Site "Chess.com"]
[Date "2023.10.03"]
[Round "4"]
[White "HrvojeZagreb"]
[Black "remi04"]
[Result "0-1"]
[WhiteElo "2322"]
[BlackElo "2853"]
[TimeControl "180+1"]
[EndTime "8:39:04 PDT"]
[Termination "remi04 won by checkmate"]

1. d4 d5 2. Bf4 c5 3. e3 Nc6 4.
Nc3 cxd4 5. exd4 a6 6. Bd3 Nxd4 7. Nge2 Nxe2 8. Qxe2 Nf6 9. O-O-O e6 10. f3 Bd6 11. Bg5 h6 12. Bh4 Be7 13. g4 Qa5 14.
Kb1 Bd7 15. Be1 Qb6 16. Bd2 O-O-O 17. h4 d4 18. Ne4 Nd5 19. Ka1 Kb8 20. g5 Rc8 21.
Qh2+ Ka8 22. Qe5 f6 23. gxf6 gxf6 24. Qh2 f5 25. Nf2 Ne3 26. Rc1 Bd6 27. Qg1 Rhg8 28. Qe1 Rg2 29. Rg1 Rcg8 30. Rxg2 Rxg2 31. Nd1 Bg3 32. Qh1 Rxd2 33. Nxe3 dxe3 34. f4 Bxf4 35. Qf3 Be5 36. Rg1 Qxb2# 0-1

[Event "Early-Titled-Tuesday-Blitz-October-03-2023"]
[Site "Chess.com"]
[Date "2023.10.03"]
[Round "4"]
[White "Yushko_Olga"]
[Black "Daniel_Salinas"]
[Result "0-1"]
[WhiteElo "2083"]
[BlackElo "2427"]
[TimeControl "180+1"]
[EndTime "8:39:06 PDT"]
[Termination "Daniel_Salinas won on time"]

1. d4 d5 2. c4 c6 3. cxd5 cxd5 4. Nc3 Nc6 5. Nf3 Nf6 6. Bf4 a6 7. e3 Bg4 8. Be2 e6 9. O-O Bd6 10. Ne5 Bxe2 11. Qxe2 Bxe5 12. dxe5 Nd7 13. e4 d4 14. Na4 Ndxe5 15. Bxe5 Nxe5 16. f4 Nc6 17. Nc5 Qe7 18. Rac1 O-O 19. Qc4 Rac8 20. Qb3 Rc7 21.
e5 Rfc8 22. Qb6 Nxe5 23. fxe5 Rxc5 24. Rxc5 Rxc5 25. b4 Rd5 26. Rc1 h6 27. Rc8+ Kh7 28. Rc7 Rd7 0-1

[Event "Early-Titled-Tuesday-Blitz-October-03-2023"]
[Site "Chess.com"]
[Date "2023.10.03"]
[Round "4"]
[White "Zurability"]
[Black "AbdulovOrkhan"]
[Result "0-1"]
[WhiteElo "2712"]
[BlackElo "2546"]
[TimeControl "180+1"]
[EndTime "8:39:07 PDT"]
[Termination "AbdulovOrkhan won by resignation"]

1. Nf3 c5 2. g3 Nc6 3. Bg2 g6 4. O-O Bg7 5. c4 Nf6 6. Nc3 O-O 7. d4 cxd4 8. Nxd4 a6 9. c5 Qc7 10. Nb3 Rd8 11. Bf4 d6 12. cxd6 exd6 13. Bg5 Be6 14. Ne4 Qe7 15. Rc1 h6 16. Nxf6+ Bxf6 17. Bxh6 Bxb2 18. Rc2 Bf6 19. Be3 a5 20. Bb6 Rd7 21. Nd4 Nxd4 22. Bxd4 a4 23. e3 a3 24. Bxf6 Qxf6 25. Bd5 Bh3 26. Re1 Ra5 27. Qd2 Rc5 28. Rb1 Rdc7 29. Rxc5 dxc5 30. f4 c4 31. Kf2 c3 32.
Qc2 Bf5 33. e4 Qd4+ 34. Kf3 Qxd5 0-1

[Event "Early-Titled-Tuesday-Blitz-October-03-2023"]
[Site "Chess.com"]
[Date "2023.10.03"]
[Round "4"]
[White "ShiroglanTalibov"]
[Black "BashirovKemal"]
[Result "1-0"]
[WhiteElo "2896"]
[BlackElo "2663"]
[TimeControl "180+1"]
[EndTime "8:39:08 PDT"]
[Termination "ShiroglanTalibov won by resignation"]

1. d4 Nf6 2. c4 e6 3. Nf3 b6 4.
Nc3 Bb4 5. Bg5 Bb7 6. e3 O-O 7. Rc1 c5 8. a3 Bxc3+ 9. Rxc3 cxd4 10. Qxd4 Nc6 11. Qh4 h6 12. Bxf6 Qxf6 13. Qxf6 gxf6 14. Be2 Rac8 15. O-O Ne7 16. Rfc1 Rc7 17. Nd4 a6 18. f3 Rfc8 19. Kf2 e5 20. Nb3 d5 21. R3c2 Kf8 22. Bd3 e4 23. Be2 Nf5 24. fxe4 Ne7 25. exd5 Bxd5 26.
Nd4 Be6 27. b4 Nc6 28. Nxc6 Rxc6 29. c5 bxc5 30. Rxc5 Rxc5 31. Rxc5 Rxc5 32. bxc5 a5 33. e4 Ke7 34. Bb5 Kd8 35. Ke3 Kc7 36. Kd4 Bb3 37. Bc4 Bd1 38. Bxf7 Be2 39. Bd5 Bf1 40.
e5 1-0

[Event "Early-Titled-Tuesday-Blitz-October-03-2023"]
[Site "Chess.com"]
[Date "2023.10.03"]
[Round "4"]
[White "hellokostya"]
[Black "JoakimVonAnd"]
[Result "1-0"]
[WhiteElo "2552"]
[BlackElo "2737"]
[TimeControl "180+1"]
[EndTime "8:39:09 PDT"]
[Termination "hellokostya won by resignation"]

1. Nf3 Nf6 2. c4 e6 3. g3 d5 4. b3 d4 5. Bb2 c5 6. e3 Nc6 7.
exd4 cxd4 8. d3 Bd6 9. Bg2 O-O 10. O-O e5 11. Ba3 Bf5 12. Bxd6 Qxd6 13. Re1 Rfe8 14.
a3 a5 15. Nh4 Bg4 16. Qc2 Nd7 17. h3 Be6 18. Nd2 Nc5 19. Ne4 Nxe4 20. Rxe4 f5 21. Re2 e4 22. Qd2 e3 23. fxe3 Qxg3 24.
Qe1 Qd6 25. e4 fxe4 26. Rxe4 Bf7 27. Qf2 Rf8 28. Nf5 Qf6 29. Rf4 Be6 30. Rf1 Bxf5 31. Bd5+ Kh8 32. Rxf5 Qg6+ 33. Kh1 Rxf5 34. Qxf5 Ne7 35.
Qf8+ Ng8 36. Qxa8 1-0

[Event "Early-Titled-Tuesday-Blitz-October-03-2023"]
[Site "Chess.com"]
[Date "2023.10.03"]
[Round "4"]
[White "venturov"]
[Black "chessprincesa1"]
[Result "1-0"]
[WhiteElo "2489"]
[BlackElo "2298"]
[TimeControl "180+1"]
[EndTime "8:39:11 PDT"]
[Termination "venturov won on time"]

1. e4 c5 2. Nf3 d6 3. Bb5+ Bd7 4.
c4 Nf6 5. Nc3 g6 6. Bxd7+ Nbxd7 7. d4 cxd4 8. Nxd4 Bg7 9. O-O O-O 10. h3 Rc8 11. Qe2 Ne5 12. b3 Nfd7 13. Rd1 a6 14. Bb2 Qa5 15. Nd5 Rfe8 16. Bc3 Qd8 17. Bb2 e6 18.
Ne3 Nc5 19. f4 Ned7 20. Nec2 d5 21. cxd5 exd5 22. e5 Ne4 23. Ne3 Qa5 24. Nf3 Nb6 25. a3 Qb5 26. Qxb5 axb5 27. Nxd5 Nxd5 28. Rxd5 Rc2 29.
Rb1 Ng3 30. Rd2 Rxd2 31. Nxd2 Rd8 32. Nf3 Rd3 33. Kf2 Ne4+ 34. Ke2 Rd5 35. Rc1 Bh6 36. Rc8+ Kg7 37. e6+ f6 38. e7 Nd6 39. e8=Q Nxe8 40. Rxe8 Bxf4 41. Re7+ Kf8 42. Rxb7 g5 43. Nd4 Ke8 44.
Ne6 1-0

[Event "Early-Titled-Tuesday-Blitz-October-03-2023"]
[Site "Chess.com"]
[Date "2023.10.03"]
[Round "4"]
[White "BigAl"]
[Black "Abund"]
[Result "0-1"]
[WhiteElo "2563"]
[BlackElo "2780"]
[TimeControl "180+1"]
[EndTime "8:39:12 PDT"]
[Termination "Abund won on time"]

1. Nf3 d5 2. g3 c5 3. Bg2 Nc6 4. O-O e5 5. d3 Be7 6. c4 Nf6 7.
Nc3 d4 8. Na4 O-O 9. e3 h6 10.
exd4 exd4 11. Re1 Bd6 12. a3 Bf5 13. Rb1 a5 14. Nh4 Bh7 15. Bxc6 bxc6 16. Qf3 Nd7 17. Nf5 Qf6 18. g4 h5 19. h3 hxg4 20. hxg4 Ne5 21.
Nh6+ Kh8 22. Qxf6 gxf6 23. Kg2 Bxd3 24. Ra1 Rab8 25. f4 Ng6 26. Rh1 Be4+ 27. Kg1 Bxh1 28.
Kxh1 Ne7 29. Bd2 Kg7 30. g5 Kg6 31. Kg2 Nf5 32. Ng4 fxg5 33. fxg5 Rh8 34. Rf1 Rh4 35. Kf3 Rb3+ 36. Ke4 Rxg4+ 0-1

[Event "Early-Titled-Tuesday-Blitz-October-03-2023"]
[Site "Chess.com"]
[Date "2023.10.03"]
[Round "4"]
[White "GeorgiosSouleidis"]
[Black "GMBenjaminBok"]
[Result "0-1"]
[WhiteElo "2602"]
[BlackElo "2993"]
[TimeControl "180+1"]
[EndTime "8:39:12 PDT"]
[Termination "GMBenjaminBok won on time"]

1. e4 c5 2. Be2 Nc6 3. d3 g6 4. f4 Bg7 5. Nf3 d6 6. O-O Nf6 7. c3 O-O 8. Kh1 b5 9. a3 a5 10. Be3 Ba6 11. Nbd2 b4 12. d4 bxc3 13. bxc3 cxd4 14.
cxd4 a4 15. Bxa6 Rxa6 16. Qe2 Qa8 17. Rab1 e6 18. Rfc1 Na5 19. Rb4 Nb3 20. Rc3 Rd8 21. h3 d5 22. e5 Ne4 23. Nxe4 dxe4 24. Nd2 Bf8 25. Rbc4 Rb8 26. Bg1 Nxd2 27. Qxd2 Rab6 28. Kh2 Rb3 29. Qc1 Bxa3 30. Qa1 Bb2 0-1

[Event "Early-Titled-Tuesday-Blitz-October-03-2023"]
[Site "Chess.com"]
[Date "2023.10.03"]
[Round "4"]
[White "JiiHart"]
[Black "UK_23"]
[Result "0-1"]
[WhiteElo "2186"]
[BlackElo "2448"]
[TimeControl "180+1"]
[EndTime "8:39:12 PDT"]
[Termination "UK_23 won on time"]

1. e4 e5 2. Nf3 Nc6 3. Bc4 Nf6 4.
d3 Be7 5. c3 O-O 6. Bg5 h6 7.
Bh4 d6 8. h3 Nd7 9. Bxe7 Qxe7 10. a4 a6 11. Nbd2 Na5 12. Ba2 c5 13. Nf1 Kh8 14. Ne3 b5 15. Nf5 Qf6 16. Nh2 Nb6 17.
Ng4 Qg6 18. Qf3 bxa4 19. O-O Ra7 20. Nge3 Be6 21. h4 Nb3 22. h5 Qg5 23. Rad1 d5 24. exd5 Nxd5 25. Nxd5 Bxf5 26. Ne3 Be6 27. Bb1 f5 28. d4 cxd4 29. cxd4 e4 30. Qe2 f4 31. d5 f3 32. Qc4 Bf5 33. g3 Re8 34. Rfe1 Qxh5 35. Qf1 Rd7 36. Nxf5 Qxf5 0-1

[Event "Early-Titled-Tuesday-Blitz-October-03-2023"]
[Site "Chess.com"]
[Date "2023.10.03"]
[Round "4"]
[White "Djager97"]
[Black "NodariousBIG"]
[Result "1-0"]
[WhiteElo "2595"]
[BlackElo "2819"]
[TimeControl "180+1"]
[EndTime "8:39:14 PDT"]
[Termination "Djager97 won by checkmate"]

1. e4 c5 2. Nf3 d6 3. d4 cxd4 4. Nxd4 Nf6 5. Nc3 g6 6. Be3 Bg7 7. f3 O-O 8. Qd2 Nc6 9. O-O-O d5 10. Nxc6 bxc6 11. Bc4 e6 12. Bb3 Bb7 13. Na4 Qc7 14. Nc5 a5 15. a4 Rfd8 16. Qf2 dxe4 17. fxe4 Ng4 18. Qe2 Nxe3 19. Qxe3 Qe5 20. c3 Bh6 21. Qxh6 Qxc5 22. Kb1 Ba6 23. h4 Rdb8 24. h5 g5 25. Bxe6 Qxc3 26. Bxf7+ Kh8 27. Rd8+ Rxd8 28. bxc3 Rab8+ 29.
Ka2 Rd2+ 30. Ka3 Rf2 31. Bb3 c5 32. Qxg5 Re8 33. Qxc5 Rd2 34. Qxa5 Bc8 35. Qb5 Bd7 36. Qc5 h6 37. Rf1 Rb8 38. Rf8+ Kg7 39. Rxb8 Kf6 40. Qf8+ Ke5 41. Qxh6 Be6 42. Qxd2 Kxe4 43. Qd4+ Kf5 44.
Rf8+ Kg5 45. Qf4+ Kxh5 46. Rh8+ Kg6 47. Rh6+ Kg7 48. Qf6+ Kg8 49. Rh8# 1-0

[Event "Early-Titled-Tuesday-Blitz-October-03-2023"]
[Site "Chess.com"]
[Date "2023.10.03"]
[Round "4"]
[White "artin10862"]
[Black "Firouzja2003"]
[Result "0-1"]
[WhiteElo "2839"]
[BlackElo "3115"]
[TimeControl "180+1"]
[EndTime "8:39:15 PDT"]
[Termination "Firouzja2003 won on time"]

1. d4 Nf6 2. Nf3 g6 3. Bf4 Bg7 4. e3 O-O 5. h3 c5 6. c3 cxd4 7. exd4 d6 8. Be2 Nc6 9. Nbd2 Nd5 10. Bh2 e5 11. dxe5 dxe5 12. O-O Qe7 13. Re1 Rd8 14. Bb5 f6 15. Qa4 Nb6 16. Qc2 Bf5 17. Ne4 Rd5 18. Bf1 Rad8 19. c4 Nd4 20. Qc3 Na4 21. Qe3 Nxf3+ 22.
Qxf3 Rd4 23. b3 Nb2 24. Nc3 Nd3 25. Re3 Nb4 26. Nb5 R4d7 27. Rc3 a6 28. Na3 Bh6 29. c5 Bd2 30. Rc4 Be6 31. Rd1 Nc6 32. Rc2 Nd4 33.
Rcxd2 Nxf3+ 0-1

[Event "Early-Titled-Tuesday-Blitz-October-03-2023"]
[Site "Chess.com"]
[Date "2023.10.03"]
[Round "4"]
[White "MaxLeto"]
[Black "zozik"]
[Result "0-1"]
[WhiteElo "2484"]
[BlackElo "2330"]
[TimeControl "180+1"]
[EndTime "8:39:16 PDT"]
[Termination "zozik won on time"]

1. g4 d5 2. Bg2 Bxg4 3. c4 Nf6 4. Qb3 Bc8 5. cxd5 c6 6. Nc3 g6 7. d4 Bg7 8. Bf4 cxd5 9. Nxd5 Nxd5 10. Bxd5 O-O 11. Bxb7 Bxb7 12. Qxb7 Qxd4 13. Qxa8 Qxf4 14. Nf3 Qb4+ 15. Kf1 Qxb2 16. Kg2 Qxe2 17. Rhe1 Qc4 18. Rac1 Qg4+ 19. Kh1 Nd7 20. Qe4 Qh5 21. Ng1 e6 22.
Rc7 Nf6 23. Qf3 Qa5 24. Rc2 Qxe1 25. Re2 Qd1 26. Qe4 Nxe4 0-1

[Event "Early-Titled-Tuesday-Blitz-October-03-2023"]
[Site "Chess.com"]
[Date "2023.10.03"]
[Round "4"]
[White "nitpicker"]
[Black "LangesNasenhaar"]
[Result "0-1"]
[WhiteElo "2246"]
[BlackElo "2435"]
[TimeControl "180+1"]
[EndTime "8:39:16 PDT"]
[Termination "LangesNasenhaar won by resignation"]

1. d4 g6 2. e4 Bg7 3. Nc3 c6 4. h3 d5 5. e5 f6 6. Nf3 fxe5 7. Nxe5 Nd7 8. f4 Nh6 9. g4 Nxe5 10. fxe5 O-O 11.
Be3 c5 12. Qd2 Nf7 13. Bg2 cxd4 14. Bxd4 Nxe5 15. Qe2 Nf3+ 16. Bxf3 Bxd4 17. Bxd5+ e6 18. Bxe6+ Kh8 19. O-O-O Qg5+ 20. Kb1 Bxc3 21. bxc3 Re8 22. Rd6 Qf6 23. Re1 Qxc3 24. Qd3 Qxe1+ 25. Kb2 Rxe6 26.
Rd8+ Kg7 27. Rxc8 Rxc8 28. Qd7+ Re7 29. Qxc8 Qb4+ 0-1

[Event "Early-Titled-Tuesday-Blitz-October-03-2023"]
[Site "Chess.com"]
[Date "2023.10.03"]
[Round "4"]
[White "JoliyRoger"]
[Black "carloseduar100"]
[Result "0-1"]
[WhiteElo "2485"]
[BlackElo "2327"]
[TimeControl "180+1"]
[EndTime "8:39:17 PDT"]
[Termination "carloseduar100 won on time"]

1. Nf3 Nf6 2. c4 g6 3. Nc3 Bg7 4. e4 O-O 5. d4 d6 6. h3 c5 7. d5 Nbd7 8. Bd3 a6 9. a4 b6 10. Bg5 Ne5 11. Nxe5 dxe5 12. O-O e6 13. a5 exd5 14.
exd5 bxa5 15. Ne4 h6 16. Bxf6 Bxf6 17. Nxc5 Bg7 18. Qa4 Qb6 19. Qxa5 Qxb2 20. Rab1 Qd4 21. Rfd1 Qf4 22. Ne4 Bf5 23. Re1 Bxe4 24. Rxe4 Qg5 25. c5 f5 26. Ree1 e4 27. Bc4 Kh8 28.
d6 Qf4 29. g3 Qg5 30. h4 Qg4 31. Be2 Qh3 32. Bf1 Qg4 33. Be2 Qh3 34. d7 f4 35. Qc7 fxg3 36. Qxg3 Qxd7 37. Qxg6 Rg8 38. Kh1 e3 39. f4 Qd5+ 40. Kh2 Ra7 41. Rbd1 Bd4 0-1

[Event "Early-Titled-Tuesday-Blitz-October-03-2023"]
[Site "Chess.com"]
[Date "2023.10.03"]
[Round "4"]
[White "biostatistician"]
[Black "Khromkin"]
[Result "1-0"]
[WhiteElo "2638"]
[BlackElo "2460"]
[TimeControl "180+1"]
[EndTime "8:39:18 PDT"]
[Termination "biostatistician won on time"]

1. d4 d5 2. c4 dxc4 3. e3 e5 4. Bxc4 exd4 5. exd4 Nf6 6. Nf3 Bd6 7. O-O O-O 8. Bg5 h6 9. Bh4 Nc6 10. h3 g5 11. Bg3 Bxg3 12. fxg3 g4 13. hxg4 Bxg4 14.
d5 Ne5 15. Bb3 Qd6 16. Kh2 Bh5 17. Qe1 Rae8 18. Nxe5 Rxe5 19. Qc3 Ng4+ 20. Kg1 Re3 21. Qd4 Qxg3 22. Qf4 Qh4 23. Nd2 Rfe8 24. Nf3 Qe7 25. Rac1 Re2 26. Rxc7 Rxg2+ 27. Kxg2 Qe2+ 28. Kg1 Ne3 29. Rf2 1-0

[Event "Early-Titled-Tuesday-Blitz-October-03-2023"]
[Site "Chess.com"]
[Date "2023.10.03"]
[Round "4"]
[White "kritipatel"]
[Black "tolimachess"]
[Result "0-1"]
[WhiteElo "2120"]
[BlackElo "2431"]
[TimeControl "180+1"]
[EndTime "8:39:19 PDT"]
[Termination "tolimachess won by resignation"]

1. e4 c5 2. d4 cxd4 3. c3 dxc3 4. Nxc3 Nc6 5. Nf3 e6 6. Bc4 a6 7. O-O b5 8. Bb3 Bb7 9. Qe2 Na5 10. Bc2 Ne7 11.
Bg5 f6 12. Bf4 Ng6 13. Bg3 Bc5 14. e5 f5 15. Rfd1 O-O 16. h4 f4 17. h5 fxg3 18.
hxg6 Bxf2+ 19. Kf1 Nc4 20. gxh7+ Kh8 21. Rd3 Qe8 22.
b3 Qh5 23. Qd1 Rxf3 24. gxf3 Nxe5 25. Ne4 Rf8 26. Nxf2 gxf2 27. Re3 Qh2 28. Rxe5 Qg1+ 29. Ke2 Bxf3+ 30. Kd2 Bxd1 31. Rxd1 f1=Q 32. Rxf1 Qxf1 33. Kc3 Qf6 0-1

[Event "Early-Titled-Tuesday-Blitz-October-03-2023"]
[Site "Chess.com"]
[Date "2023.10.03"]
[Round "4"]
[White "agustinv04"]
[Black "JACK_BAU3R"]
[Result "1/2-1/2"]
[WhiteElo "2287"]
[BlackElo "2008"]
[TimeControl "180+1"]
[EndTime "8:39:19 PDT"]
[Termination "Game drawn by agreement"]

1. e4 d6 2. d4 Nf6 3. Nc3 e5 4. Nf3 exd4 5. Nxd4 Be7 6. g3 O-O 7. Bg2 Nbd7 8. O-O Re8 9. h3 Bf8 10. Bg5 h6 11. Bxf6 Nxf6 12. Re1 c6 13. a4 a5 14. Qd3 g6 15. Rad1 Qc7 16. b3 Bd7 17.
Nce2 Rad8 18. c4 Bc8 19. Nc3 Bg7 20. Qf3 d5 21. exd5 Rxe1+ 22. Rxe1 cxd5 23. Ndb5 Qc5 24. Nxd5 Nxd5 25. cxd5 Bd7 26. Bf1 Bxb5 27. Bxb5 Qxd5 28.
Re8+ Bf8 29. Qxd5 Rxd5 30. Bc4 Rd1+ 31. Kg2 Kg7 32. Rb8 Rd7 33. Rc8 b6 34. Rc6 Bc5 35.
f4 h5 36. g4 hxg4 37. hxg4 Kf8 38. Kf3 Ke7 39. Rc8 Kf6 40. Rh8 Kg7 41. Rh1 Rd4 42.
Re1 Bd6 43. Re4 Rxe4 44. Kxe4 Kf6 45. f5 1/2-1/2

[Event "Early-Titled-Tuesday-Blitz-October-03-2023"]
[Site "Chess.com"]
[Date "2023.10.03"]
[Round "4"]
[White "verrbaa"]
[Black "GMJustin"]
[Result "1-0"]
[WhiteElo "2460"]
[BlackElo "2203"]
[TimeControl "180+1"]
[EndTime "8:39:21 PDT"]
[Termination "verrbaa won on time"]

1. Nf3 Nf6 2. g3 e6 3. Bg2 c5 4. O-O Be7 5. c4 O-O 6. b3 d5 7. Bb2 d4 8. e3 Nc6 9. exd4 cxd4 10. d3 a5 11. Na3 e5 12. Nb5 Bf5 13. Re1 Nd7 14. a3 Re8 15. h3 Bf6 16. Nh2 Nc5 17. Bf1 Qd7 18. Ng4 Bg5 19. Bc1 Bxc1 20. Rxc1 h5 21.
Nh2 Bxh3 22. Qxh5 Bxf1 23. Rxf1 Nxd3 24. Rcd1 e4 25. Kg2 Nce5 26. Rh1 Qc6 27. Nxd4 1-0

[Event "Early-Titled-Tuesday-Blitz-October-03-2023"]
[Site "Chess.com"]
[Date "2023.10.03"]
[Round "4"]
[White "Larina_Maria"]
[Black "viktorgen2021"]
[Result "1-0"]
[WhiteElo "2234"]
[BlackElo "2438"]
[TimeControl "180+1"]
[EndTime "8:39:21 PDT"]
[Termination "Larina_Maria won by checkmate"]

1. e4 g6 2. d4 Bg7 3. Nc3 d6 4. Be3 c6 5. h4 h5 6. Nh3 b5 7.
Qd2 Nf6 8. f3 Nbd7 9. a3 Nb6 10.
b3 a5 11. Kf2 Nfd7 12. Ng5 Bb7 13. Be2 e6 14. Rhd1 Qe7 15. g3 O-O 16. Kg1 b4 17. Na4 Nxa4 18. bxa4 e5 19. axb4 Rfd8 20. bxa5 exd4 21.
Bxd4 Ne5 22. Kg2 c5 23. Be3 d5 24. exd5 Rxd5 25. Qe1 Ng4 26. Bf4 Bxa1 27. Rxa1 Ne3+ 28. Bxe3 Qxe3 29. Qf2 Qc3 30. Rb1 Qxc2 31. Rxb7 Re8 32.
Ne4 f5 33. Nf6+ Kf8 34. Nh7+ Kg8 35. Nf6+ Kh8 36. Rh7# 1-0

[Event "Early-Titled-Tuesday-Blitz-October-03-2023"]
[Site "Chess.com"]
[Date "2023.10.03"]
[Round "4"]
[White "MikaelyanArman"]
[Black "Hikaru"]
[Result "1/2-1/2"]
[WhiteElo "2861"]
[BlackElo "3259"]
[TimeControl "180+1"]
[EndTime "8:39:22 PDT"]
[Termination "Game drawn by repetition"]

1. d4 a6 2. e4 e6 3. Bd3 d5 4.
Ne2 dxe4 5. Bxe4 Nf6 6. Bf3 e5 7.
Nbc3 Bd6 8. dxe5 Bxe5 9. Qxd8+ Kxd8 10. Bg5 c6 11. O-O-O+ Kc7 12. Bf4 Nbd7 13. Rhe1 Re8 14. Ne4 Nxe4 15. Bxe4 Nf6 16. Bf3 Bd7 17. Bxe5+ Rxe5 18. Ng3 Rae8 19. Kd2 Bg4 20. Rxe5 Rxe5 21. Bxg4 Nxg4 22.
h3 Nxf2 23. Rf1 Rg5 24. Rxf2 Rxg3 25. Rxf7+ Kb6 26. Rf2 a5 27. c3 a4 28. a3 g5 29.
Ke2 Kc5 30. Kd2 Kc4 31. Kc2 h5 32. Rd2 c5 33. Rf2 b5 34. Rd2 h4 35. Rf2 Kd5 36.
Re2 Kd6 37. Kd2 Kc6 38. Kc2 Kd5 39. Kd2 g4 40. hxg4 Rxg4 41. Kc2 Kc4 42. Rf2 Kd5 43. Re2 Rg3 44. Kd2 Rg4 45. Kc2 1/2-1/2